 Dungeon Crawl Stone Soup version 0.21-a0-135-g8dc100c (webtiles) character file.

220838 namelastname112 the Lord of Darkness (level 18, -7/161 HPs)
             Began as a White Draconian Wanderer on July 16, 2017.
             Was the Champion of Kikubaaqudgha.
             Killed from afar by a fire giant (50 damage)
             ... with a fireball
             ... on level 2 of the Vaults on July 17, 2017.
             The game lasted 02:04:03 (39463 turns).

namelastname112 the Lord of Darkness (DrWn)        Turns: 39463, Time: 02:04:03

Health: -7/161     AC: 23    Str: 16    XL:     18   Next: 48%
Magic:  7/35       EV: 27    Int: 17    God:    Kikubaaqudgha [******]
Gold:   3105       SH:  0    Dex: 15    Spells: 11/43 levels left

rFire    . . .     SeeInvis .   N - +5 lajatang (pain)
rCold    + . .     Gourm    .   (shield currently unavailable)
rNeg     . . .     Faith    .   (armour unavailable)
rPois    .         Spirit   .   q - +1 hat
rElec    .         Reflect  .   S - +0 cloak
rCorr    .         Harm     .   W - +2 pair of gloves
MR       +....                  h - +2 pair of boots
Stlth    ++........             (no amulet)
HPRegen  0.36/turn              C - ring of Equivalence {EV+6 Dex+2}
MPRegen  0.24/turn              U - +5 ring of protection

@: death channel
A: breathe frost, unfitting armour, cold resistance 1, cold-blooded, AC +10
}: 1/15 runes: gossamer
a: Breathe Frost, Receive Corpses, Torment, Renounce Religion


You were on level 2 of the Vaults.
You worshipped Kikubaaqudgha.
Kikubaaqudgha was exalted by your worship.
You were hungry.

You visited 8 branches of the dungeon, and saw 35 of its levels.
You also visited: Labyrinth and Ice Cave.

You collected 3105 gold pieces.

Inventory:

Hand Weapons
 a - a +3 quarterstaff of freezing
 N - a +5 lajatang of pain (weapon)
Armour
 h - a +2 pair of boots (worn)
 q - a +1 hat (worn)
 S - a +0 cloak (worn)
 W - a +2 pair of gloves (worn)
Jewellery
 m - an uncursed ring of see invisible
 s - an uncursed ring of protection from cold
 C - the ring of Equivalence (left hand) {EV+6 Dex+2}
   (You found it on level 3 of the Lair of Beasts)

   [ring of evasion]

   It affects your evasion (+6).
   It affects your dexterity (+2).
 U - a +5 ring of protection (right hand)
 X - the ring "Syras" {rF++ MR+ MP+9 Int-3}
   (You took it off a minotaur in a labyrinth)

   [ring of magical power]

   It affects your intelligence (-3).
   It greatly protects you from fire.
   It affects your resistance to hostile enchantments.
   It affects your magic capacity (+9).
 Z - the ring "Axtih" {Str+3 Int+4 Dex+4 Stlth+}
   (You found it on level 6 of the Lair of Beasts)

   [ring of stealth]

   It affects your strength (+3).
   It affects your intelligence (+4).
   It affects your dexterity (+4).
   It makes you more stealthy.
Wands
 b - a wand of confusion (30/48)
 e - a wand of enslavement (10/24)
 n - a wand of digging (12/24)
 o - a wand of iceblast (3/15)
 t - a wand of random effects (23/48)
 y - a wand of scattershot (0/9)
 z - a wand of iceblast (8/15)
 F - a wand of acid (7/15)
 I - a wand of clouds (3/9)
 M - a wand of confusion (29/48)
 O - a wand of clouds (6/9)
 P - a wand of digging (3/24)
 T - a wand of acid (8/15)
 V - a wand of iceblast (5/15)
 Y - a wand of polymorph (14/24)
Scrolls
 k - 11 scrolls of enchant armour
 l - 10 scrolls of remove curse
 p - 6 scrolls of teleportation
 u - 3 scrolls of magic mapping
 v - a scroll of fog
 w - 3 scrolls of recharging
 x - 4 scrolls of amnesia
 G - 5 scrolls of immolation
 J - 3 scrolls of identify
Potions
 i - 7 potions of curing
 j - 3 potions of magic
 A - a potion of resistance
 B - 7 potions of might
 D - 7 potions of ambrosia
 E - 8 potions of haste
 H - 6 potions of brilliance
 Q - 6 potions of flight
Books
 r - a book of Necromancy

   Spells                             Type                      Level
   a - Pain                           Necromancy                   1
   b - Animate Skeleton               Necromancy                   1
   c - Vampiric Draining              Necromancy                   3
   d - Regeneration                   Charms/Necromancy            3
   e - Animate Dead                   Necromancy                   4
   f - Control Undead                 Necromancy                   4
Miscellaneous
 L - a phial of floods
 R - a lamp of fire
Comestibles
 c - 13 meat rations
 d - 9 bread rations
 f - 14 fruits


   Skills:
 + Level 14.6 Fighting
 + Level 13.9 Staves
 + Level 12.5 Dodging
 - Level 1.0 Stealth
   Level 1.0 Shields
 + Level 13.0 Spellcasting
 - Level 5.1 Conjurations
 * Level 17.5 Necromancy
 - Level 7.4 Ice Magic


You had 11 spell levels left.
You knew the following spells:

 Your Spells              Type           Power        Failure   Level  Hunger
a - Animate Skeleton      Necr           N/A          0%          1    None
b - Simulacrum            Ice/Necr       ######....   5%          6    ######.
c - Animate Dead          Necr           N/A          1%          4    ##.....
d - Regeneration          Chrm/Necr      #####.....   1%          3    None
e - Blink                 Tloc           N/A          10%         2    None
f - Dispel Undead         Necr           ######..     1%          5    ####...
g - Bolt of Draining      Conj/Necr      #####.....   1%          5    ####...
x - Death Channel         Necr           ######....   1%          6    ######.


Dungeon Overview and Level Annotations

Branches:
Dungeon (15/15)            Temple (1/1) D:5            Lair (6/6) D:8
 Shoals (4/4) Lair:4       Spider (4/4) Lair:3        Slime (0/5) Lair:6
    Orc (2/2) D:10            Elf (1/3) Orc:2        Vaults (2/5) D:14
 Depths (0/5) D:15
  Crypt: Vaults:2-3

Altars:
Ashenzari
Cheibriados
Elyvilon
Gozag
Hepliaklqana
Kikubaaqudgha
Nemelex Xobeh
Okawaru
Qazlal
Ru
Sif Muna
Trog
Vehumet
Xom
Yredelemnul
The Shining One
Beogh
Jiyva

Shops:
D:6 %   Orc:2 }:[!   Shoals:1 }}}(:   Shoals:3 %   Vaults:2 %

Annotations:
Shoals:4 Bai Suzhen


Innate Abilities, Weirdness & Mutations

You can breathe waves of freezing cold.
You can buffet flying creatures when you breathe cold.
Your icy white scales are hard. (AC +10)
You cannot fit into any form of body armour.
Your flesh is cold resistant. (rC+)
You are cold-blooded and may be slowed by cold attacks.


Message History

A two-headed ogre comes into view.
It is wielding a dire flail and a giant club.
You take 59 damage, and have 24/161 hp.
MASSIVE DAMAGE!!
You are too injured to fight recklessly!
You feel much better.
The meliai changes into a raiju!
The vault warden shoots a bolt.
The bolt barely misses your wizard skeleton.
The bolt closely misses you.
Your spectral storm dragon bites the fire giant but does no damage.
Your spectral storm dragon claws the fire giant!
Your spectral storm dragon tramples the fire giant.
The vault sentinel blows a loud note on a signal horn!
Your wizard skeleton hits the yaktaur.
The fire giant gestures at your spectral storm dragon while chanting.
The fireball explodes!
The fireball engulfs your spectral storm dragon.
The fireball engulfs your spectral ogre mage.
The fireball engulfs your spectral two-headed ogre.
The fireball engulfs you!
You die...
Kikubaaqudgha rasps: "You have failed me!
Welcome... death!"

#.... O. #.... #c #....
#######'##################
......ccp.................
.......ZZ.................
.....Z)O(.Z...............
.......ZZZ[...............
......ZZZ@................
########C#################
#h.# #### #


Opp.# #..#### #....# #..'..' ?..... #Z.#..# ..#..#.. ##Z#### #(.....#. #ZZ'.#
.......... #..### You could see a fire giant, a vault warden, a two-headed ogre,
an ogre mage, a vault sentinel, 3 yaktaurs, a raiju shaped shifter, an ogre, a
friendly spectral storm dragon, a friendly spectral ugly thing, a friendly
spectral yaktaur captain, 2 friendly spectral ogres, 3 friendly spectral
two-headed ogres, a friendly spectral ogre mage and a friendly wizard skeleton.

Vanquished Creatures
  Saint Roka (Orc:1)
  A sphinx (Vaults:1)
  A storm dragon (Vaults:2)
  2 orc warlords (D:10)
  A ghost moth (Spider:4)
  3 vault wardens (Vaults:1)
  6 emperor scorpions
  2 ironheart preservers
  2 entropy weavers
  Azrael (D:14)
  A spark wasp (Spider:4)
  A fire dragon (D:15)
  2 merfolk impalers
  2 yaktaur captains (Vaults:1)
  The ghost of sergedm the Sorcerer, a journeyman DECj of Vehumet (Lair:1)
  3 ice dragons
  7 hydras
  A rakshasa (Vaults:1)
  A merfolk avatar (Shoals:1)
  A two-headed ogre (shapeshifter) (Vaults:1)
  2 ogre magi
  A death knight (D:15)
  4 centaur warriors
  2 merfolk aquamancers (Shoals:3)
  11 two-headed ogres
  2 orc high priests (Orc:2)
  A satyr (Shoals:2)
  3 deep elf knights
  Sonja (D:14)
  3 sea snakes
  A flayed ghost (Vaults:2)
  3 ironbrand convokers (Vaults:1)
  4 deep elf archers (Vaults:1)
  2 unseen horrors
  9 orc knights
  7 orb spiders
  4 harpies
  5 deep elf magi
  A faun (Shoals:1)
  12 ugly things
  18 wolf spiders
  7 orc sorcerers
  6 cyclopes
  6 manticores
  A manticore (shapeshifter) (D:15)
  A moth of wrath (Spider:3)
  10 elephants
  A merfolk siren (Shoals:2)
  4 vault sentinels (Vaults:1)
  A torpor snail (Spider:1)
  2 water nymphs (Shoals:2)
  3 spiny frogs
  16 demonic crawlers
  4 komodo dragons
  An efreet (D:15)
  A tengu conjurer (D:15)
  12 yaktaurs (Vaults:1)
  2 freezing wraiths (Vaults:1)
  2 rime drakes (Lair:2)
  9 jumping spiders
  7 trolls
  3 meliai (Spider:3)
  5 polar bears
  A meliai (shapeshifter) (Elf:1)
  4 wind drakes
  12 merfolk
  11 hornets
  5 blink frogs
  7 slime creatures
  2 snapping turtles
  14 dream sheep
  9 hippogriffs
  A human simulacrum (Vaults:1)
  16 tarantellas
  Sigmund (D:2)
  11 spriggans
  A centaur simulacrum (D:15)
  42 redbacks
  13 yaks
  7 water elementals
  3 shadows
  A vampire (D:12)
  6 wraiths
  A basilisk (Lab)
  4 fire elementals (D:14)
  3 wyverns
  Grum (D:10)
  A steam dragon (Shoals:2)
  4 vampire mosquitoes (D:15)
  5 hungry ghosts
  11 wargs
  An acid dragon (Vaults:1)
  A hell hound (D:14)
  11 water moccasins
  6 porcupines
  56 orc warriors
  10 black bears
  9 ice beasts
  2 sky beasts
  A necrophage (D:12)
  The ghost of p0werm0de the Skirmisher, an amateur DsCK of Xom (D:3)
  25 wolves
  5 boggarts
  An eye of draining (D:15)
  4 phantoms
  21 ogres
  13 centaurs
  12 crocodiles
  A big kobold (D:10)
  14 bullfrogs
  2 wyvern skeletons
  2 scorpions
  8 killer bees
  7 wights
  3 electric eels
  2 howler monkeys (D:6)
  8 crimson imps
  3 centaur zombies
  3 hounds
  A bullfrog zombie (D:10)
  38 orc priests
  2 bullfrog skeletons
  4 centaur skeletons
  A gnoll shaman (D:8)
  4 jellies
  22 orc wizards
  Ijyb (D:5)
  Terence (D:3)
  An iguana (D:8)
  15 worker ants
  A killer bee zombie (D:8)
  A hound skeleton (D:4)
  A hound zombie (D:5)
  2 worker ant zombies (D:6)
  10 adders
  5 gnolls (D:8)
  4 shadow imps
  3 oozes
  3 worms
  2 dart slugs
  3 leopard geckos
  113 orcs
  A ball python (D:4)
  4 giant cockroaches
  4 goblins
  8 hobgoblins
  9 jackals
  11 kobolds
  9 quokkas
  7 bats
  3 frilled lizards
  A leopard gecko zombie (D:5)
  A quokka skeleton (D:7)
  A quokka zombie (D:9)
  6 rats
  A spectral orc (D:3)
  4 plants (Lair:2)
977 creatures vanquished.

Vanquished Creatures (collateral kills)
  Rupert (Spider:1)
  Roxanne (D:15)
  An orc warlord (Vaults:2)
  An emperor scorpion (Spider:4)
  Aizul (Spider:2)
  Louise (Spider:2)
  2 ghost moths (Spider:4)
  An ironheart preserver (Vaults:1)
  2 entropy weavers (Spider:2)
  A spark wasp (Spider:2)
  A merfolk javelineer (Shoals:2)
  A minotaur (Lab)
  A yaktaur captain (Vaults:2)
  An ogre mage (D:14)
  3 hydras
  3 two-headed ogres (Vaults:2)
  4 merfolk aquamancers
  2 orc high priests (Orc:2)
  A shadow wraith (Vaults:1)
  A deep elf knight (Vaults:1)
  4 sea snakes
  5 harpies
  12 orb spiders
  An orc knight (Orc:2)
  9 wolf spiders
  3 cyclopes
  9 fauns
  8 oklob plants
  A deep elf mage (D:15)
  8 ugly things
  2 moths of wrath
  4 manticores (Shoals:3)
  A moth of wrath (shapeshifter) (Vaults:2)
  A cyclops (shapeshifter) (D:14)
  3 merfolk sirens
  A black mamba (Lair:2)
  6 elephants
  5 water nymphs
  5 spiny frogs
  2 yaktaurs (Vaults:1)
  A komodo dragon (Lair:6)
  A freezing wraith (Vaults:1)
  9 demonic crawlers
  4 rime drakes
  2 trolls
  21 jumping spiders
  15 merfolk
  A polar bear (Lair:6)
  2 wind drakes (Shoals:2)
  7 blink frogs
  6 hornets (Spider:4)
  A slime creature (Vaults:1)
  11 dream sheep
  A snapping turtle (Lair:4)
  27 redbacks
  18 tarantellas
  A wraith (D:9)
  3 spriggans (Lair:6)
  5 water elementals
  21 yaks
  A human (D:9)
  A hungry ghost (D:12)
  2 basilisks
  A steam dragon (Shoals:2)
  A fire elemental (D:14)
  2 wargs (Orc:1)
  3 water moccasins
  10 orc warriors
  4 ogres
  15 wolves
  2 boggarts (Lair:6)
  A necrophage (D:6)
  8 centaurs
  5 crocodiles
  5 bullfrogs
  A water moccasin skeleton (D:8)
  A killer bee (D:8)
  3 wights
  3 electric eels
  2 crimson imps
  3 hounds
  A jelly (D:10)
  6 orc priests
  4 orc wizards
  A bullfrog skeleton (D:11)
  An iguana (D:9)
  3 worker ants
  A hound zombie (D:8)
  2 shadow imps
  30 orcs
  A goblin (Orc:1)
  A jackal (D:6)
  A kobold (D:10)
  A bush (Lair:3)
  22 fungi
  29 plants
455 creatures vanquished.

Vanquished Creatures (others)
  A deep elf archer (Elf:1)
  A boggart (Vaults:1)
  An ogre (D:10)
  An orc priest (Orc:2)
  A jelly (D:10)
  An iguana (D:10)
  3 orcs (D:10)
  2 bushes (D:10)
  5 fungi
  4 plants
20 creatures vanquished.

Grand Total: 1452 creatures vanquished

Notes
Turn   | Place    | Note
-------+----------+-------------------------------------------
     0 | D:1      | namelastname112 the Draconian Wanderer began the quest for the Orb.
     0 | D:1      | namelastname112 set off with: a +2 quarterstaff, the Grimoire of Unholy Arts, a potion of lignification, a bread ration
     0 | D:1      | Reached XP level 1. HP: 16/16 MP: 3/3
     8 | D:1      | Identified the Grimoire of Unholy Arts
    10 | D:1      | Learned a level 1 spell: Animate Skeleton
    89 | D:1      | Reached skill level 1 in Necromancy
    92 | D:1      | Reached XP level 2. HP: 18/23 MP: 5/5
   377 | D:2      | Reached XP level 3. HP: 15/28 MP: 6/6
   407 | D:2      | Learned a level 3 spell: Regeneration
   604 | D:2      | Found a deep blue altar of Sif Muna.
  1070 | D:2      | Reached XP level 4. HP: 34/36 MP: 7/7
  1075 | D:2      | Noticed Sigmund
  1095 | D:2      | Killed Sigmund
  1095 | D:2      | Reached skill level 3 in Necromancy
  1095 | D:2      | Reached XP level 5. HP: 42/42 MP: 7/9
  1540 | D:3      | Noticed p0werm0de's ghost (amateur DsCK)
  1698 | D:4      | Reached XP level 6. HP: 48/50 MP: 10/10
  2182 | D:4      | Reached skill level 4 in Necromancy
  2422 | D:4      | Your scales start taking on an icy white colour.
  2422 | D:4      | Reached XP level 7. HP: 30/57 MP: 11/11
  2422 | D:4      | Gained mutation: Your flesh is cold resistant. (rC+) [White Draconian growth]
  2738 | D:3      | Found an opulent altar of Gozag.
  2883 | D:3      | Paralysed by p0werm0de's ghost for 5 turns
  2905 | D:3      | Killed p0werm0de's ghost
  3214 | D:3      | Found a basalt altar of Yredelemnul.
  3557 | D:3      | Noticed Terence
  3566 | D:3      | Killed Terence
  3713 | D:5      | Entered Level 5 of the Dungeon
  3799 | D:5      | Noticed Ijyb
  3819 | D:5      | Killed Ijyb
  3902 | D:5      | Got a fine dagger
  3903 | D:5      | Identified the +3 dagger of the Lair of Beasts {distort, *Drain rElec rF+++ MR-} (You found it on level 5 of the Dungeon)
  4174 | D:5      | Found a hazy altar of Hepliaklqana.
  4174 | D:5      | Found a snail-covered altar of Cheibriados.
  4354 | D:5      | Found a staircase to the Ecumenical Temple.
  4358 | D:5      | Found a shattered altar of Ashenzari.
  4367 | D:5      | Reached skill level 5 in Necromancy
  4374 | Temple   | Entered the Ecumenical Temple
  4418 | Temple   | Became a worshipper of Kikubaaqudgha
  4703 | D:5      | Reached XP level 8. HP: 66/66 MP: 13/13
  5232 | D:6      | Reached skill level 5 in Staves
  5470 | D:6      | Found Emano's Food Emporium.
  5829 | D:6      | Reached skill level 6 in Necromancy
  5865 | D:6      | Learned a level 4 spell: Control Undead
  5934 | D:6      | Reached * piety under Kikubaaqudgha
  5934 | D:6      | Identified Kikubaaqudgha's Papyrus of Dark Secrets (Kikubaaqudgha gifted it to you on level 6 of the Dungeon)
  5934 | D:6      | Received a gift from Kikubaaqudgha
  5934 | D:6      | Reached skill level 5 in Fighting
  6528 | D:7      | Learned a level 4 spell: Animate Dead
  6659 | D:7      | Reached XP level 9. HP: 23/71 MP: 16/16
  6795 | D:7      | Reached skill level 7 in Necromancy
  7399 | D:8      | Reached skill level 5 in Spellcasting
  7785 | D:8      | Reached ** piety under Kikubaaqudgha
  8224 | D:8      | Found a sacrificial altar of Ru.
  8313 | D:8      | Reached skill level 5 in Dodging
  8319 | D:8      | HP: 2/75 [killer bee (5)]
  8384 | D:8      | Reached skill level 8 in Necromancy
  8443 | D:8      | Found a staircase to the Lair.
  8443 | D:8      | Noticed a komodo dragon
  8787 | D:7      | Learned a level 2 spell: Blink
  8838 | D:8      | Killed a komodo dragon
  9367 | D:9      | Reached XP level 10. HP: 79/84 MP: 18/18
  9589 | D:10     | Entered Level 10 of the Dungeon
  9707 | D:10     | Noticed a deep elf mage
  9894 | D:10     | Killed a deep elf mage
 10410 | D:10     | Noticed a two-headed ogre
 10434 | D:10     | Killed a two-headed ogre
 10434 | D:10     | Reached skill level 9 in Necromancy
 10501 | D:10     | Reached *** piety under Kikubaaqudgha
 10501 | D:10     | Identified Kikubaaqudgha's Almanac of Stolen Souls (Kikubaaqudgha gifted it to you on level 10 of the Dungeon)
 10501 | D:10     | Received a gift from Kikubaaqudgha
 10628 | D:10     | Learned a level 5 spell: Dispel Undead
 10687 | D:10     | Found a staircase to the Orcish Mines.
 11445 | D:10     | Noticed Grum
 11493 | D:10     | Killed Grum
 11957 | D:11     | murphy: hi
 11961 | D:11     | namelastname112: hello
 11977 | D:11     | murphy: u seems to love Draconians even more then me
 11979 | D:11     | murphy: :)
 11982 | D:11     | namelastname112: mayve
 11982 | D:11     | namelastname112: maybe*
 11982 | D:11     | namelastname112: drs are cool
 11984 | D:11     | murphy: yeah
 11989 | D:11     | murphy: my fav race to play
 12027 | D:11     | namelastname112: i was so happy when i discovered that mottled drs are gone forever
 12074 | D:11     | Noticed a two-headed ogre
 12244 | D:11     | Noticed a two-headed ogre
 12256 | D:11     | Killed a two-headed ogre
 12256 | D:11     | Reached skill level 10 in Necromancy
 12256 | D:11     | Reached XP level 11. HP: 91/91 MP: 21/21
 12315 | D:11     | Reached **** piety under Kikubaaqudgha
 12530 | D:11     | Noticed a cyan ugly thing
 12597 | D:12     | namelastname112: damn
 12597 | D:12     | namelastname112: bailey and lab
 12606 | D:12     | Noticed a two-headed ogre
 12639 | D:12     | Found a labyrinth entrance.
 12643 | Lab      | Entered a labyrinth
 13635 | Lab      | Noticed a minotaur
 13658 | Lab      | Killed a minotaur
 13662 | Lab      | Got a translucent jade ring
 13679 | Lab      | Identified the ring "Syras" {rF++ MR+ MP+9 Int-3} (You took it off a minotaur in a labyrinth)
 13704 | Lab      | Learned a level 5 spell: Bolt of Draining
 13785 | D:11     | Killed a cyan ugly thing
 13976 | D:12     | Noticed a purple ugly thing
 14007 | D:12     | Killed a purple ugly thing
 14442 | D:12     | Killed a two-headed ogre
 14475 | D:12     | Reached skill level 11 in Necromancy
 15029 | D:13     | Noticed an unseen horror
 15038 | D:13     | Killed an unseen horror
 15146 | D:13     | Killed a two-headed ogre
 15646 | D:13     | Found a deep blue altar of Sif Muna.
 15892 | Lair:1   | Entered Level 1 of the Lair of Beasts
 16057 | Lair:1   | Noticed an eight-headed hydra
 16095 | Lair:1   | Reached XP level 12. HP: 98/103 MP: 17/23
 16438 | Lair:1   | Noticed sergedm's ghost (journeyman DECj)
 16458 | Lair:1   | Killed sergedm's ghost
 16477 | Lair:1   | Learned a level 6 spell: Death Channel
 16510 | Lair:1   | Killed an eight-headed hydra
 17131 | Lair:2   | Reached ***** piety under Kikubaaqudgha
 17322 | Lair:2   | Reached skill level 12 in Necromancy
 17499 | Lair:2   | Noticed a four-headed hydra
 17506 | Lair:2   | Killed a four-headed hydra
 17888 | Lair:2   | Noticed a four-headed hydra
 17896 | Lair:2   | Killed a four-headed hydra
 18151 | Lair:3   | Got a scorched steel ring
 18425 | Lair:3   | Found a hole to the Spider Nest.
 18515 | Lair:3   | Reached XP level 13. HP: 112/112 MP: 17/25
 18928 | Lair:3   | Identified the ring of Equivalence {EV+6 Dex+2} (You found it on level 3 of the Lair of Beasts)
 19245 | Lair:4   | Reached skill level 10 in Staves
 19262 | Lair:4   | Reached skill level 10 in Fighting
 19424 | Lair:4   | Found a staircase to the Shoals.
 20234 | Lair:5   | Reached skill level 13 in Necromancy
 20545 | Lair:5   | Reached ****** piety under Kikubaaqudgha
 20549 | Lair:5   | Identified a +2 lajatang of pain (a +0 lajatang bloodied by Kikubaaqudgha)
 20549 | Lair:5   | Received a gift from Kikubaaqudgha
 20555 | Lair:5   | Reached skill level 5 in Conjurations
 20555 | Lair:5   | Reached XP level 14. HP: 64/122 MP: 27/27
 20617 | Lair:6   | Entered Level 6 of the Lair of Beasts
 20619 | Lair:6   | Found a staircase to the Slime Pits.
 20620 | Lair:6   | Found a viscous altar of Jiyva.
 21030 | Lair:6   | Identified the Tome of the Voyage
 21079 | Lair:6   | Got a faintly glowing pewter ring
 21407 | Lair:6   | Identified the ring "Axtih" {Str+3 Int+4 Dex+4 Stlth+} (You found it on level 6 of the Lair of Beasts)
 22064 | Lair:1   | Upgraded the game from 0.21-a0-128-gf2b353c to 0.21-a0-135-g8dc100c
 22237 | D:13     | Reached skill level 10 in Spellcasting
 22313 | D:14     | Found a frozen archway.
 22354 | IceCv    | Entered an ice cave
 22375 | IceCv    | Reached skill level 14 in Necromancy
 22397 | IceCv    | Found a transporter.
 22534 | D:14     | Noticed Sonja
 22542 | D:14     | Found a white marble altar of Elyvilon.
 22549 | D:14     | Killed Sonja
 22746 | D:14     | Reached XP level 15. HP: 100/129 MP: 29/29
 23256 | D:14     | Noticed Azrael
 23594 | D:14     | Killed Azrael
 23621 | D:14     | Found a gate to the Vaults.
 23743 | D:15     | Entered Level 15 of the Dungeon
 24158 | D:15     | Reached skill level 10 in Dodging
 24226 | D:15     | Noticed Roxanne
 24700 | D:15     | Found a staircase to the Depths.
 24790 | D:15     | Killed Roxanne
 24795 | D:15     | Identified Roxanne's Incunabulum of the Rocks (You took it off Roxanne on level 15 of the Dungeon)
 25076 | Orc:1    | Entered Level 1 of the Orcish Mines
 25291 | Orc:1    | Noticed an orc warlord
 25353 | Orc:1    | Reached skill level 15 in Necromancy
 25391 | D:10     | Killed an orc warlord
 25947 | Orc:1    | Found a roughly hewn altar of Beogh.
 25947 | Orc:1    | Noticed an orc warlord
 26194 | D:10     | Killed an orc warlord
 26661 | Orc:2    | Entered Level 2 of the Orcish Mines
 27234 | Orc:2    | Found a staircase to the Elven Halls.
 27455 | Orc:2    | Found a roughly hewn altar of Beogh.
 27589 | Orc:2    | Found Seratt's Gadget Emporium.
 27613 | Orc:2    | Found Gasoumy's Book Shoppe.
 27776 | Orc:2    | Noticed Saint Roka
 28307 | Lair:1   | Learned a level 6 spell: Simulacrum
 28510 | Orc:1    | Killed Saint Roka
 28510 | Orc:1    | Reached XP level 16. HP: 79/140 MP: 29/31
 28640 | Orc:2    | Found Hudwet's Antique Armour Shop.
 28690 | Orc:2    | Found a roughly hewn altar of Beogh.
 28710 | Orc:2    | Found Uguuca's Distillery.
 29224 | Elf:1    | Entered Level 1 of the Elven Halls
 30251 | Spider:1 | Entered Level 1 of the Spider Nest
 30648 | Spider:1 | Reached skill level 5 in Ice Magic
 30915 | Spider:1 | Noticed Rupert
 30929 | Spider:1 | Killed Rupert
 31414 | Spider:2 | Noticed Aizul
 31425 | Spider:2 | Killed Aizul
 31781 | Spider:2 | Noticed Louise
 31819 | Spider:2 | Killed Louise
 33043 | Spider:4 | Entered Level 4 of the Spider Nest
 33198 | Spider:4 | Reached XP level 17. HP: 88/149 MP: 26/32
 33364 | Spider:4 | Reached skill level 16 in Necromancy
 33407 | Spider:4 | Got a gossamer rune of Zot
 34152 | Shoals:1 | Entered Level 1 of the Shoals
 34209 | Shoals:1 | Found Uliron's Gadget Shop.
 34236 | Shoals:1 | Found Niuphad's Gadget Shop.
 34627 | Shoals:1 | Found Hiokkuv's Gadget Shoppe.
 34652 | Shoals:1 | Found Komm's Book Shoppe.
 34783 | Shoals:1 | Found Qucux's Weapon Shoppe.
 36547 | Shoals:3 | Found Lotaett's Food Boutique.
 36890 | Shoals:4 | Entered Level 4 of the Shoals
 36890 | Shoals:4 | Noticed Bai Suzhen
 37005 | Shoals:3 | Noticed a kraken
 37517 | Vaults:1 | Entered Level 1 of the Vaults
 37805 | Vaults:1 | Reached skill level 17 in Necromancy
 37821 | Vaults:1 | Reached XP level 18. HP: 147/160 MP: 31/34
 39291 | Vaults:2 | Found Xajixuydgh's Food Emporium.
 39463 | Vaults:2 | Killed from afar by a fire giant

Vault maps used:
D:1:      dpeg_arrival_line_fractal
D:2:      led_sif_pool, uniq_sigmund
D:3:      yredelemnul_forgotten_temple_becter, lemuel_crystal_altar,
          first_bread, uniq_terence
D:5:      ashenzari_conservatory_becter, gammafunk_temple_overflow_wave,
          minmay_temple_entry_glassed_door, uniq_ijyb
D:6:      serial_shops, shop
D:8:      nicolae_overflow_hidden_temple, david_lair_shrubbed
D:10:     erik_orc_2, hangedman_stone_soup, serial_park_tiny_2,
          hangedman_decor_peaks_small, uniq_grum
D:11:     serial_glass, glass_columns_c, glass_columns_c, item_on_display_a
D:12:     lab_entry_generic, enter_bailey_2, st_stairs_13
D:13:     basic_altar
D:14:     david_vaults_2, portal_ice_cave_entry_animals_and_master,
          lemuel_tele_altar, uniq_sonja, uniq_azrael
D:15:     grunt_enter_depths_hoard, minmay_misc_feat_doors, uniq_roxanne
Temple:   regret_index_temple_waves
Lair:1:   hangedman_lair_generics_rect
Lair:2:   minmay_lair_oklob_tunnel, infiniplex_staircase_pool,
          grunt_megastairs_5
Lair:3:   spider_nest_entry_funnel_web, st_stairs_10, minmay_lair_oklob_chamber,
          grunt_megastairs_1, serial_bayou_shore_b, lemuel_fruit_fields
Lair:4:   minmay_shoals_entry_hut
Lair:5:   zaba_anthole, lemuel_old_faithful
Lair:6:   minmay_lair_end_enchanted_forest, slime_altar_1, grunt_megastairs_3
Shoals:1: serial_shops, shop, shop, nicolae_shop_statue_plus, shop, shop
Shoals:2: nicolae_shoals_drake_roost
Shoals:3: serial_shops, nicolae_shop_trees, nicolae_shoals_water_shrine
Shoals:4: shoals_end_simple, shoals_ilsuiw_ice, uniq_bai_suzhen, uniq_polyphemus
Spider:1: uniq_rupert
Spider:2: spider_trap, nicolae_spider_webs_and_nodes, uniq_aizul, uniq_louise
Spider:4: guppyfry_spider_rune, nicolae_crawler_farm
Orc:1:    basic_altar, mines5_lemuel
Orc:2:    pubby_orc_utopia, serial_shops
Elf:1:    serial_shops, shop, evilmike_minifort, glass_columns_c
Vaults:1: vaults_room_door_ring, vaults_mumra_minichess, v_misc_25,
          hangedman_vaults_corner_blocks, st_cells, ontoclasm_vaults_eye,
          nicolae_vaults_asterisk
Vaults:2: st_quartered_hall, ontoclasm_vaults_pinch,
          nicolae_vaults_little_squares_1, vaults_room_hallway, v_rooms_5,
          nicolae_vaults_rhombus_5, hangedman_vaults_stream,
          hangedman_vaults_nails, hangedman_vaults_snaps,
          nicolae_vaults_little_squares_1, nicolae_vaults_three_branches,
          nicolae_vaults_alarming, serial_shops, shop
Lab:      nicolae_lab_dead_adventurers, nicolae_lab_diamond, nicolae_lab_arrow,
          nicolae_lab_flowing_pool, labyrinth_skeletal_remains,
          nicolae_lab_very_dead_end, nicolae_lab_hexagon, nicolae_lab_grate,
          nicolae_lab_t_cross, nicolae_lab_big_swirl, lab_fountain,
          nicolae_lab_x, lab_statue, labyrinth_fake_exit, lab_block,
          nicolae_lab_dead_end, nicolae_lab_grate_2, lab_hedge, nicolae_lab_plus
IceCv:    ice_cave_statue_garden_teleport

Skill      XL: |  1  2  3  4  5  6  7  8  9 10 11 12 13 14 15 16 17 18 |
---------------+-------------------------------------------------------+-----
Necromancy     | 1 3 4 5 6 8 10 11 12 13 14 15 17 | 17.5
Fighting       | 2 3 4 5 6 7 8 9 10 11 12 13 14 | 14.6
Staves         | 4 5 6 7 8 9 10 11 12 13 | 13.9
Dodging        | 2 3 4 5 6 7 8 9 10 11 12 | 12.5
Spellcasting   | 3 4 5 6 7 8 9 10 11 12 13 | 13.0
Conjurations   | 5 |  5.1
Ice Magic      | 2 7 |  7.4
Stealth        | |  1.0
Shields        | |  1.0

Action                   |  1- 3 |  4- 6 |  7- 9 | 10-12 | 13-15 | 16-18 || total
-------------------------+-------+-------+-------+-------+-------+-------++-------
Melee: Quarterstaff      |    88 |   102 |   472 |   798 |   254 |     9 ||  1723
       Tailslap          |     8 |     9 |    55 |   127 |   199 |   177 ||   575
       Lajatang          |       |       |       |       |  1073 |  1275 ||  2348
 Cast: Animate Skeleton  |     2 |    10 |    35 |    35 |    35 |    27 ||   144
       Regeneration      |       |     2 |    18 |    41 |    50 |   112 ||   223
       Animate Dead      |       |       |     8 |    21 |    38 |    64 ||   131
       Control Undead    |       |       |     3 |     4 |       |       ||     7
       Dispel Undead     |       |       |       |    26 |     2 |     2 ||    30
       Bolt of Draining  |       |       |       |    28 |     2 |    10 ||    40
       Death Channel     |       |       |       |     8 |    41 |    57 ||   106
       Simulacrum        |       |       |       |       |       |    20 ||    20
Invok: Receive Corpses   |       |       |     1 |     5 |     2 |    12 ||    20
       Brand Weapon With |       |       |       |       |     1 |       ||     1
 Abil: Breathe Frost     |       |       |    16 |    18 |     1 |       ||    35
Evoke: Wand              |       |       |     5 |     6 |     2 |     1 ||    14
  Use: Potion            |       |     1 |     6 |     4 |     8 |     6 ||    25
       Scroll            |       |       |    13 |    12 |     7 |     9 ||    41
 Stab: Sleeping          |     1 |     1 |    11 |     2 |     6 |     3 ||    24
       Distracted        |       |       |     2 |     4 |    11 |    22 ||    39
       Confused          |       |       |     1 |       |       |       ||     1
       Paralysed         |       |       |       |     6 |       |       ||     6
       Invisible         |       |       |       |       |     2 |       ||     2
  Eat: Chunk             |       |     5 |    24 |    28 |    42 |    49 ||   148
       Meat ration       |       |       |     1 |       |       |     1 ||     2
       Royal jelly       |       |       |     1 |     3 |     4 |     2 ||    10
       Bread ration      |       |       |       |     8 |     2 |     5 ||    15
       Fruit             |       |       |       |     3 |     2 |     1 ||     6
Armor: Skin              |    33 |    36 |   158 |   331 |   352 |   398 ||  1308
Dodge: Dodged            |    62 |    49 |   329 |   616 |  1431 |  1673 ||  4160
